 Dungeon Crawl Stone Soup version 0.26.1-2-gb8aa6d0cf2 (webtiles) character file.

Game seed: 847892023917758948

125 DearestLeader the Sneak (level 4, -3/21 HPs)
             Began as a Spriggan Enchanter on Mar 26, 2021.
             Killed by divine providence
             ... invoked by an orc priest
              (13 damage)
             ... on level 3 of the Dungeon.
             The game lasted 00:11:06 (3984 turns).

DearestLeader the Sneak (Spriggan Enchanter)        Turns: 3984, Time: 00:11:07

Health: -3/21      AC:  2    Str:  4    XL:     4   Next: 82%
Magic:  3/9        EV: 18    Int: 17    God:
Gold:   73         SH:  0    Dex: 16    Spells: 2/8 levels left

rFire    . . .     SeeInvis +   a - +2 dagger
rCold    . . .     Faith    .   (shield restricted)
rNeg     . . .     Spirit   .   b - +0 robe
rPois    .         Reflect  .   (helmet restricted)
rElec    .         Harm     .   (no cloak)
rCorr    .         Rampage  .   (gloves unavailable)
Will     .....                  (boots unavailable)
Stlth    +++.......             (no amulet)
HPRegen  0.07/turn              (no ring)
MPRegen  0.11/turn              (no ring)

@: very quick
A: very small, unfitting armour, see invisible, speed 3
a: no special abilities


You were on level 3 of the Dungeon.
You visited 1 branch of the dungeon, and saw 3 of its levels.

You collected 73 gold pieces.

Inventory:

Hand Weapons
 a - a +2 dagger (weapon)
Missiles
 o - 12 poisoned darts (quivered)
Armour
 b - a +0 robe (worn)
Scrolls
 c - 2 scrolls of enchant weapon
 e - 2 scrolls of amnesia
 f - 2 scrolls of remove curse
 h - 2 scrolls of teleportation {unknown}
 i - a scroll of noise {unknown}
 k - 2 scrolls of identify {unknown}
 l - a scroll of fog {unknown}
Potions
 d - a potion of berserk rage {unknown}
 g - a potion of brilliance {unknown}
 j - a potion of ambrosia {unknown}
 m - 2 potions of lignification {unknown}
 n - a potion of haste {unknown}
 p - a potion of flight {unknown}
 q - a potion of curing {unknown}


   Skills:
 * Level 3.7 Short Blades
 - Level 3.0 Dodging
 + Level 5.7 Stealth
 - Level 2.6 Spellcasting
 + Level 4.4 Hexes
 - Level 0.4 Ice Magic


You had 2 spell levels left.
You knew the following spells:

 Your Spells              Type           Power        Failure   Level
a - Corona                Hex            18%          3%          1
b - Ensorcelled Hibernat  Hex/Ice        20%          10%         2
c - Confusing Touch       Hex            17%          9%          3

Your spell library contained the following spells:

 Spells                   Type           Power        Failure   Level
 Tukima's Dance           Hex            17%          9%          3
 Dazzling Flash           Conj/Hex       18%          22%         3


Dungeon Overview and Level Annotations

Branches:
Dungeon (3/15)

Altars:
Nemelex Xobeh
Trog


Innate Abilities, Weirdness & Mutations

You are very small and have problems with some larger weapons.
You are too small for most types of armour.
You have supernaturally acute eyesight. (SInv)
You cover ground extremely quickly.


Message History

The helpless goblin fails to defend itself.
You impale the goblin!!
You kill the goblin!
You see here a +0 dagger.
The orc priest shouts!
You hit the orc priest but do no damage.
You hear a shout!
The orc priest invokes the aid of Beogh against you.
Beogh smites you!
Ouch! That really hurt!
Casting: Ensorcelled Hibernation (safe; 10% risk of failure)
Confirm with . or Enter, or press ? or * to list all spells.
Aiming: Ensorcelled Hibernation (safe; 10% risk of failure)
Press: ? - help, Shift-Dir - straight line, f - orc priest
Aim: an orc priest, wielding a +0 club and wearing a +0 ring mail (chance to affect: 41%)
The orc priest resists with some effort.
The orc priest invokes the aid of Beogh against you.
Beogh smites you!
Ouch! That really hurt!
You die...

#..#.#).##.#........#
#.......##.#.###....#
###...####...# #..#.#
#...# ###.###....# #...#
#.....#### ##.## ##..)###
##.# ##.[...## ##..#
##...o...## ..##
#####...####....@..>.###
o..
...........'.........'o.
.o#
#####...####....)....####
o.### ##..# ##....>..##
#. ....# ##.# ##.....##
#.##....# #.# ##...##
#.#.....# #.# ##'##
#.#.....# #####.# #.#
#.#o#.#.# #.....# #.#
#.......#


You could see 2 orc priests.

Vanquished Creatures
  3 adders
  An ooze (D:1)
  A worm (D:2)
  3 leopard geckos
  9 orcs (D:3)
  6 giant cockroaches
  8 goblins
  8 hobgoblins
  8 jackals
  7 kobolds
  2 quokkas (D:2)
  A ball python (D:2)
  4 bats
  2 frilled lizards (D:3)
  9 rats
72 creatures vanquished.

Notes
Turn   | Place    | Note
-------+----------+-------------------------------------------
     0 | D:1      | DearestLeader the Spriggan Enchanter began the quest for
                  | the Orb.
     0 | D:1      | Reached XP level 1. HP: 9/9 MP: 5/5
   112 | D:1      | Reached XP level 2. HP: 13/13 MP: 4/6
   169 | D:1      | Learned a level 2 spell: Ensorcelled Hibernation
   548 | D:1      | Found a sparkling altar of Nemelex Xobeh.
  1162 | D:1      | Reached skill level 5 in Stealth
  1358 | D:2      | Reached XP level 3. HP: 16/16 MP: 8/8
  2410 | D:2      | Reached XP level 4. HP: 21/21 MP: 9/9
  2445 | D:2      | Found a faded altar of an unknown god.
  3197 | D:3      | Found a bloodstained altar of Trog.
  3863 | D:3      | Learned a level 3 spell: Confusing Touch
  3984 | D:3      | Killed from afar by an orc priest

Illustrated notes

Levels and vault maps discovered:
D:1:      ncdulo_halloftheorcs, layout_rooms, minmay_misc_feat_nine_boxes,
          nemelex_diamond_rough_becter
D:2:      layout_loops_corners, chequers_ecumenical_altar_simple,
          patterned_corridor
D:3:      layout_loops_corners, minivault_19, trog_three_pillars_becter

Skill      XL: |  1  2  3 |
---------------+----------+-----
Short Blades   | 2 3 |  3.7
Hexes          | 4 |  4.4
Stealth        | 5 |  5.7
Dodging        | |  3.0
Spellcasting   | |  2.6
Ice Magic      | |  0.4

Action                   |  1- 3 |  4- 6 || total
-------------------------+-------+-------++-------
Melee: Dagger            |    89 |    83 ||   172
 Cast: Corona            |     8 |     4 ||    12
       Ensorcelled Hiber |    38 |    37 ||    75
  Use: Scroll            |       |     3 ||     3
 Stab: Sleeping          |    29 |    28 ||    57
       Distracted        |     1 |       ||     1
Armor: Robe              |    12 |     6 ||    18
Dodge: Dodged            |    75 |    57 ||   132
